[Event "ETCC Women 2013"]
[Site "Warsaw"]
[Date "2013.11.14"]
[Round "6"]
[White "Wisniowska, Klaudia"]
[Black "Haast, Anne"]
[Result "1/2-1/2"]
[ECO "B47"]
[WhiteElo "2153"]
[BlackElo "2262"]
[PlyCount "131"]
[EventDate "2013.??.??"]
[EventCountry "POL"]
[WhiteTeam "Poland"]
[BlackTeam "Netherlands"]
[WhiteTeamCountry "POL"]
[BlackTeamCountry "NED"]
[TimeControl "40/5400+30:1800+30"]

1. e4 c5 2. Nf3 e6 3. d4 cxd4 4. Nxd4 Nc6 5. Nc3 Qc7 6. Be2 a6 7. O-O Nf6 8.
Be3 Bb4 9. Na4 Be7 10. Nxc6 bxc6 11. Nb6 Rb8 12. Nxc8 Qxc8 13. Bd4 c5 14. Be5
Rb6 15. Qd3 d6 16. Bc3 O-O 17. b3 d5 18. exd5 Nxd5 19. Be5 Bf6 20. Bxf6 Nxf6
21. Rad1 Qc7 22. Rd2 h6 23. Rfd1 Re8 24. g3 e5 25. Qf5 g6 26. Qh3 Kg7 27. Bc4
Rf8 28. Qg2 e4 29. a4 h5 30. Qf1 h4 31. Qe2 Re8 32. Qe3 Qe5 33. Rd8 Rxd8 34.
Rxd8 hxg3 35. hxg3 g5 36. f4 gxf4 37. Qxf4 Qxf4 38. gxf4 Kg6 39. a5 Rc6 40. Ra8
Rd6 41. Rxa6 Rd1+ 42. Kf2 Ra1 43. Ra7 Kf5 44. a6 Ng4+ 45. Ke2 f6 46. Rc7 Ra2
47. Rxc5+ Kxf4 48. Bb5 Ne3 49. Kd2 Ra5 50. b4 Ra2 51. Be2 f5 52. b5 Ra5 53. Rc6
Nd5 54. b6 Ra1 55. Rd6 e3+ 56. Kd3 Nb4+ 57. Kc3 Nxa6 58. Kb2 Ra5 59. Bxa6 Rxa6
60. b7 Rxd6 61. b8=Q Ke5 62. Qb5+ Rd5 63. Qe8+ Kf4 64. Kc3 Re5 65. Qa4+ Re4 66.
Qa1 1/2-1/2

[Event "ETCC Women 2013"]
[Site "Warsaw"]
[Date "2013.11.14"]
[Round "6"]
[White "Zaksaite, Salomeja"]
[Black "Mamedjarova, Turkan"]
[Result "1-0"]
[ECO "C80"]
[WhiteElo "2200"]
[BlackElo "2250"]
[PlyCount "95"]
[EventDate "2013.??.??"]
[EventCountry "POL"]
[WhiteTeam "Lithuania"]
[BlackTeam "Azerbaijan"]
[WhiteTeamCountry "LTU"]
[BlackTeamCountry "AZE"]
[TimeControl "40/5400+30:1800+30"]

1. e4 e5 2. Nf3 Nc6 3. Bb5 a6 4. Ba4 Nf6 5. O-O Nxe4 6. d4 b5 7. Bb3 d5 8. dxe5 Be6 9. Nbd2 Bc5 10. Nxe4 dxe4 11. Ng5 Qxd1 12. Rxd1 Bxb3 13. axb3 O-O 14. Nxe4 Bd4 15. c3 Bxe5 16. f4 f5 17. Nc5 Bd6 18.
Nb7 Be7 19. Rd7 Rfc8 20. Be3 Bf6 21. b4 Re8 22. Kf2 Re7 23. Rd3 Ree8 24. Rd5 Ne7 25. Rd7 c6 26. Nd6 Rf8 27. Bc5 g6 28. Kf3 Nd5 29. Nb7 Rfe8 30.
Rd6 Re4 31. g3 Rae8 32. Rxa6 Be7 33. Raxc6 Bxd6 34. Rxd6 Ne3 35.
Rd7 Ng4 36. Rd2 Re1 37. Nd6 Ra8 38. Nxb5 Raa1 39. Nd6 Rf1+ 40.
Kg2 Rh1 41. Kh3 Rad1 42. Rc2 Rc1 43. Rg2 h6 44. b5 g5 45. Nxf5 Nxh2 46. Rxh2 g4+ 47. Kg2 Rhd1 48. Nxh6+ 1-0

[Event "ETCC Women 2013"]
[Site "Warsaw"]
[Date "2013.11.14"]
[Round "6"]
[White "Zhukova, Natalia"]
[Black "Javakhishvili, Lela"]
[Result "0-1"]
[ECO "E32"]
[WhiteElo "2466"]
[BlackElo "2423"]
[PlyCount "80"]
[EventDate "2013.??.??"]
[EventCountry "POL"]
[WhiteTeam "Ukraine"]
[BlackTeam "Georgia"]
[WhiteTeamCountry "UKR"]
[BlackTeamCountry "GEO"]
[TimeControl "40/5400+30:1800+30"]

1. d4 Nf6 2. c4 e6 3. Nc3 Bb4 4. Qc2 O-O 5. a3 Bxc3+ 6. Qxc3 b6 7. Bg5 Bb7 8. f3 d6 9. e4 c5 10. dxc5 bxc5 11. Bxf6 Qxf6 12. Qxf6 gxf6 13.
b4 cxb4 14. axb4 Nc6 15. Ra4 Ne5 16. Kd2 Rfc8 17. b5 a5 18. Bd3 d5 19. exd5 exd5 20. Ne2 dxc4 21. Bc2 c3+ 22. Nxc3 Rd8+ 23. Ke2 Rac8 24. Be4 Bxe4 25. Nxe4 f5 26. Nf6+ Kg7 27. Nh5+ Kh6 28. Ng3 Rc2+ 29. Ke3 Nc4+ 30. Rxc4 Rxc4 31. Nxf5+ Kg5 32. Ng3 Rc3+ 33.
Ke2 f5 34. h4+ Kg6 35. Ra1 Rc2+ 36. Ke3 Rxg2 37. Kf4 Rd4+ 38. Ke5 Rb4 39. h5+ Kg5 40. f4+ Kg4 0-1

[Event "ETCC Women 2013"]
[Site "Warsaw"]
[Date "2013.11.14"]
[Round "6"]
[White "Zimina, Olga"]
[Black "Milliet, Sophie"]
[Result "1/2-1/2"]
[ECO "A09"]
[WhiteElo "2338"]
[BlackElo "2383"]
[PlyCount "149"]
[EventDate "2013.??.??"]
[EventCountry "POL"]
[WhiteTeam "Italy"]
[BlackTeam "France"]
[WhiteTeamCountry "ITA"]
[BlackTeamCountry "FRA"]
[TimeControl "40/5400+30:1800+30"]

1. Nf3 d5 2. c4 d4 3. g3 Nc6 4. Bg2 e5 5. O-O Nf6 6. d3 Bd6 7. e3 O-O 8.
exd4 Nxd4 9. Nxd4 exd4 10. Nd2 Rb8 11. Nf3 Bg4 12. h3 Bh5 13.
Re1 c5 14. g4 Bg6 15. Bg5 h6 16. Bh4 Bf4 17. Ne5 Re8 18. Bxf6 gxf6 19. Nxg6 fxg6 20. Qf3 Be5 21. h4 Re7 22. Kf1 Qc7 23. Qe4 Rg7 24. g5 hxg5 25. hxg5 Rf8 26. Bh3 Kh8 27. Kg2 Rh7 28. Re2 Rh5 29. gxf6 Bxf6 30. Rh1 Kg7 31. Qe6 Qf4 32. Qe4 Rg5+ 33. Kf1 Qc1+ 34. Re1 Qxb2 35. Qe2 Qxe2+ 36. Rxe2 Re5 37. Bg2 Rxe2 38.
Kxe2 Re8+ 39. Be4 Re6 40. Rg1 Be5 41. Rb1 b6 42. a4 Bc7 43.
Rg1 Bd8 44. Rh1 Bg5 45. Rg1 Bf4 46. Rh1 Rd6 47. Rg1 Rf6 48. Bd5 Bh2 49. Rh1 Bc7 50. Be4 Bd6 51. Rg1 Be7 52. Rg2 Re6 53. Rh2 Re5 54. Rg2 Rg5 55. Rxg5 Bxg5 56. Bc6 Kf6 57. Be8 Bh4 58. f4 Bg3 59. Kf3 Be1 60.
Ke4 Bd2 61. Kf3 Kf5 62. Bd7+ Kf6 63. Be8 g5 64. fxg5+ Kxg5 65.
Ke4 Kg4 66. Kd5 Kf3 67. Kc6 Ke2 68. Bg6 Ba5 69. Kb7 Kd2 70. Kxa7 Kc3 71. Ka6 Kb4 72. Be8 Kc3 73. Bg6 Kb4 74. Be8 Kc3 75. Bg6 1/2-1/2

[Event "ETCC Women 2013"]
[Site "Warsaw"]
[Date "2013.11.14"]
[Round "6"]
[White "Zozulia, Anna"]
[Black "Botsari, Anna-Maria"]
[Result "1-0"]
[ECO "B49"]
[WhiteElo "2334"]
[BlackElo "2338"]
[PlyCount "103"]
[EventDate "2013.??.??"]
[EventCountry "POL"]
[WhiteTeam "Belgium"]
[BlackTeam "Greece"]
[WhiteTeamCountry "BEL"]
[BlackTeamCountry "GRE"]
[TimeControl "40/5400+30:1800+30"]

1. e4 c5 2. Nf3 e6 3. d4 cxd4 4. Nxd4 Nc6 5. Nc3 Qc7 6. Be3 a6 7. Be2 Nf6 8. O-O Bb4 9. Na4 O-O 10. Nxc6 bxc6 11. Nb6 Rb8 12. Nxc8 Rfxc8 13. Bxa6 Rf8 14. Bd3 Bd6 15. g3 Be5 16. Rb1 Bxb2 17. c4 Qa5 18.
Qe2 Bc3 19. Rfc1 d5 20. exd5 cxd5 21. Bf4 Rxb1 22. Rxb1 dxc4 23.
Bxc4 Nd5 24. Be5 Bxe5 25. Qxe5 Qc5 26. Bxd5 Qxd5 27. Qxd5 exd5 28. Rd1 Rd8 29. Rd4 Kf8 30. Kf1 Ke7 31. Ke2 Ra8 32. a4 Ke6 33.
Kd3 Rb8 34. Kc3 Rc8+ 35. Kb3 Ke5 36. Rd1 Rc7 37. a5 d4 38. a6 Ra7 39. Ra1 d3 40. Kc3 Ke4 41. Ra2 f5 42. Kd2 g5 43. Ra4+ Kf3 44. Kxd3 Kxf2 45. Kd4 f4 46. gxf4 gxf4 47. Ke4 Kg2 48. Ra2+ Kh3 49. Kxf4 Rf7+ 50. Kg5 Rg7+ 51. Kh6 Ra7 52.
Kh5 1-0

[Event "ETCC Open 2013"]
[Site "Warsaw"]
[Date "2013.11.14"]
[Round "6"]
[White "Andreikin, Dmitry"]
[Black "Parligras, Mircea-Emilian"]
[Result "*"]
[ECO "B12"]
[WhiteElo "2710"]
[BlackElo "2576"]
[PlyCount "234"]
[EventDate "2013.??.??"]
[EventCountry "POL"]
[WhiteTeam "Russia"]
[BlackTeam "Romania"]
[WhiteTeamCountry "RUS"]
[BlackTeamCountry "ROU"]
[TimeControl "40/5400+30:1800+30"]

1. e4 c6 2. d4 d5 3. e5 Bf5 4. Nf3 e6 5. Be2 Ne7 6. O-O c5 7. c4 Nbc6 8.
dxc5 d4 9. Qb3 Qc7 10. Na3 a6 11. Qa4 Rd8 12. b4 Ng6 13. Bd1 Rd7 14. Nc2 Bxc2 15. Bxc2 d3 16. Bd1 Be7 17. Bb2 O-O 18. Rb1 Rfd8 19. Re1 Nh4 20. Nxh4 Bxh4 21. Re4 Be7 22. Bc3 Nd4 23. Rb2 a5 24. a3 axb4 25.
axb4 b6 26. Bxd4 Rxd4 27. Rxd4 Rxd4 28. cxb6 Qxb6 29. c5 Qb8 30. g3 Qxe5 31. Qe8+ Bf8 32. Ra2 Rxb4 33. Ra8 Qxc5 34. Rc8 Qd6 35. Rd8 Qc5 36. Rc8 Qxc8 37. Qxc8 Rb1 38. Kg2 Rxd1 39. Qc3 g6 40. Kf3 h5 41. Kg2 Bg7 42. Qb3 Rd2 43. Qb8+ Bf8 44. Qb5 Ra2 45. Qxd3 Bc5 46. Qc3 Rxf2+ 47. Kh1 Be7 48. Qd4 Rf5 49. Kg2 Bf6 50.
Qc4 Rd5 51. Qb4 Kg7 52. Qe1 Rd4 53. Qe3 Rb4 54. h3 Rb2+ 55. Kh1 Rc2 56. Qe4 Rd2 57. Qe3 Rd1+ 58. Kg2 Bd4 59. Qe4 Rd2+ 60. Kh1 e5 61. h4 Rf2 62. Qd3 Ra2 63. Qe4 Ra3 64. Kg2 Re3 65. Qd5 Re2+ 66. Kh1 Rb2 67.
Qe4 Rf2 68. Qd3 Rf6 69. Qe4 Kh7 70. Kg2 Ra6 71. Qb7 Ra2+ 72. Kh1 Ra7 73. Qd5 Re7 74. Kg2 Re6 75. Qe4 Re7 76. Qd5 Be3 77. Qd6 Re6 78. Qf8 Rf6 79. Qe7 Rf5 80. Qb7 Bh6 81. Qe4 Bg7 82. Qb7 Bf8 83. Qc6 Kg7 84.
Qd5 Be7 85. Kg1 Bb4 86. Kg2 Bc3 87. Qd3 Bd4 88. Qe4 Rf6 89. Kh1 Re6 90. Kg2 Bc5 91. Qd5 Be7 92. Qe4 f5 93. Qd5 Kf7 94. Kf3 e4+ 95. Ke3 Bd6 96. Qb7+ Kf6 97. Qc8 Kf7 98. Qd7+ Be7 99. Qd5 Bf8 100. Ke2 e3 101. Qd7+ Re7 102. Qd5+ Kg7 103. Qd4+ Kf7 104. Qd5+ Re6 105. Qd7+ Be7 106. Qd5 Bf6 107. Qd7+ Re7 108. Qd5+ Kg7 109.
Qd6 Re4 110. Qc7+ Kh6 111. Qd6 Bg7 112. Qd8 Kh7 113. Qc7 Kh6 114. Qd8 Rd4 115. Qc7 Rg4 116. Kxe3 Rb4 117. Kf3 Rg4 *

[Event "ETCC Open 2013"]
[Site "Warsaw"]
[Date "2013.11.14"]
[Round "6"]
[White "Boruchovsky, Avital"]
[Black "Rombaldoni, Axel"]
[Result "0-1"]
[ECO "C03"]
[WhiteElo "2472"]
[BlackElo "2530"]
[PlyCount "102"]
[EventDate "2013.??.??"]
[EventCountry "POL"]
[WhiteTeam "Israel"]
[BlackTeam "Italy"]
[WhiteTeamCountry "ISR"]
[BlackTeamCountry "ITA"]
[TimeControl "40/5400+30:1800+30"]

1. e4 e6 2. d4 d5 3. Nd2 a6 4. Ngf3 Nf6 5. Bd3 c5 6. exd5 exd5 7. dxc5 Bxc5 8. Nb3 Bd6 9. Qe2+ Be7 10. Be3 O-O 11. h3 Nc6 12. c3 Re8 13. Qc2 Bd6 14. O-O-O Bd7 15. Bf5 Rc8 16. Bxd7 Qxd7 17. Nbd4 Nb4 18. Qb3 a5 19. a4 Ne4 20. Nb5 Bf4 21. Kb1 Bxe3 22. cxb4 Bxf2 23. Rxd5 Qe6 24. Rhd1 axb4 25. Qxb4 Qg6 26. Ka2 Qxg2 27. Nd2 Nc5 28. Nc4 Be1 29. Rxe1 Qxd5 30. Rxe8+ Rxe8 31. Nc7 Na6 32. Nxd5 Nxb4+ 33. Nxb4 h5 34. a5 Re6 35. Nd3 g5 36. Nc5 Rc6 37. b4 g4 38. hxg4 h4 39. Nd2 h3 40. Nf1 Rf6 41. Ng3 Rf2+ 42. Kb1 Rf4 43.
Kc2 Rxb4 44. Nce4 h2 45. Kd3 Ra4 46. Ke3 Rxa5 47. Kf3 Ra2 48. Nf2 b5 49. Kg2 b4 50. Nge4 b3 51. Kxh2 Rc2 0-1

[Event "ETCC Open 2013"]
[Site "Warsaw"]
[Date "2013.11.14"]
[Round "6"]
[White "Nevednichy, Vladislav"]
[Black "Morozevich, Alexander"]
[Result "1/2-1/2"]
[ECO "B47"]
[WhiteElo "2590"]
[BlackElo "2727"]
[PlyCount "90"]
[EventDate "2013.??.??"]
[EventCountry "POL"]
[WhiteTeam "Romania"]
[BlackTeam "Russia"]
[WhiteTeamCountry "ROU"]
[BlackTeamCountry "RUS"]
[TimeControl "40/5400+30:1800+30"]

1. e4 c5 2. Nf3 e6 3. d4 cxd4 4. Nxd4 Nc6 5. Nc3 Qc7 6. Be2 Nf6 7. Be3 Be7 8. f4 O-O 9. e5 Ne8 10. Qd2 f6 11. exf6 Nxf6 12. a3 a6 13.
O-O Na5 14. Nb3 Nxb3 15. cxb3 b5 16. Rac1 Qb8 17. b4 Bb7 18. Bd4 Bc6 19. Bf3 Bxf3 20. Rxf3 Rf7 21. Qe2 Ng4 22. g3 Bf6 23. Rd3 Bxd4+ 24. Rxd4 Qa7 25. Rcd1 e5 26. fxe5 Nf2 27. R1d2 Nh3+ 28. Kh1 Rf2 29. Qe3 Raf8 30. Rxf2 Nxf2+ 31. Kg1 Ng4 32. Qe4 h5 33. h3 Nh6 34. Qd5+ Rf7 35. Qc5 Qa8 36. Rf4 Qe8 37. Qd5 Kh8 38. Ne4 Rxf4 39. gxf4 Qg6+ 40. Ng5 Qb1+ 41. Kh2 Qxb2+ 42. Qg2 Qd4 43. Qa8+ Ng8 44. Qe4 Qf2+ 45. Kh1 Qf1+ 1/2-1/2

[Event "ETCC Open 2013"]
[Site "Warsaw"]
[Date "2013.11.14"]
[Round "6"]
[White "Steingrimsson, Hedinn"]
[Black "Hansen, Sune Berg"]
[Result "1-0"]
[ECO "D45"]
[WhiteElo "2543"]
[BlackElo "2563"]
[PlyCount "105"]
[EventDate "2013.??.??"]
[EventCountry "POL"]
[WhiteTeam "Iceland"]
[BlackTeam "Denmark"]
[WhiteTeamCountry "ISL"]
[BlackTeamCountry "DEN"]
[TimeControl "40/5400+30:1800+30"]

1. d4 d5 2. c4 c6 3. Nc3 Nf6 4. e3 e6 5. Nf3 Nbd7 6. Qc2 b6 7. cxd5 exd5 8.
Bd3 Bb7 9. O-O Be7 10. e4 dxe4 11. Nxe4 O-O 12. Ne5 c5 13. Ng5 g6 14. Bc4 Nd5 15. Ngxf7 Rxf7 16. Nxf7 Kxf7 17. Rd1 Qc7 18. dxc5 N7f6 19. cxb6 axb6 20. Bxd5+ Nxd5 21. Qxc7 Nxc7 22. Rd7 Rd8 23.
Rxe7+ Kxe7 24. Bg5+ Kd7 25. Rd1+ Nd5 26. Bxd8 Kxd8 27. f3 Ke7 28. Kf2 Bc6 29. Rd4 Kf6 30. a4 Ke5 31. Re4+ Kd6 32. Rh4 h5 33.
Rc4 Bd7 34. Kg3 Bf5 35. b4 b5 36. axb5 Bd7 37. f4 Bxb5 38. Rd4 Kc6 39. Kh4 Nc7 40. f5 gxf5 41. Kxh5 Bf1 42. Rd2 Ne6 43. Kh6 Kb5 44. Rb2 Bd3 45. h4 f4 46. h5 Bf5 47. Re2 Kxb4 48. Re5 Bg4 49. Kg6 Nd4 50. Kg5 f3 51. Re4 Bxh5 52. Rxd4+ Kc3 53. Kxh5 1-0